 Dungeon Crawl Stone Soup version 0.17-a0-1571-g3ed2ab2 (webtiles) character file.

24 JohnySteed the Skirmisher (level 3, 27/34 HPs)
             Began as a Naga Fighter on July 24, 2015.
             Quit the game on level 1 of the Dungeon.
             The game lasted 00:04:19 (836 turns).

JohnySteed the Skirmisher (Naga Fighter)             Turns: 836, Time: 00:04:19

Health: 27/34      AC:  4    Str: 19    XL:     3   Next: 2%
Magic:  3/3        EV:  5    Int:  8    God:
Gold:   14         SH:  8    Dex: 10    Spells: 0 memorised, 2 levels left

rFire  . . .     SeeInvis +     a - +0 war axe
rCold  . . .     Clarity  .     b - +0 scale mail
rNeg   . . .     SustAt   .     c - +0 shield
rPois  +         Gourm    .     (no helmet)
rElec  .         Spirit   .     (no cloak)
rCorr  .         Warding  .     (no gloves)
rMut   .         Stasis   .     (no barding)
MR     .....                    (no amulet)
Stlth  ..........               (no ring)
                                (no ring)

@: very slow, not resistant to hostile enchantments, extremely unstealthy
A: see invisible, deformed body, poison resistance, slowness 2, slow metabolism
1, spit poison 2, AC +1
a: Spit Poison


You were on level 1 of the Dungeon.
You were not hungry.

You visited 1 branch of the dungeon, and saw 1 of its levels.

You collected 14 gold pieces.

Inventory:

Hand weapons
 a - a +0 war axe (weapon)
Armour
 b - a +0 scale mail (worn)
 c - a +0 shield (worn)
Scrolls
 f - a scroll of blinking {unknown}
 h - a scroll of random uselessness {unknown}
 i - a scroll of enchant weapon {unknown}
 k - a scroll of magic mapping {unknown}
Potions
 d - a potion of might
 g - a potion of heal wounds {unknown}
 m - a potion of agility {unknown}
 n - 2 potions of curing {unknown}
 o - a potion of brilliance {unknown}
Comestibles
 e - 2 bread rations
 j - 3 chunks of flesh
 l - a meat ration


   Skills:
 + Level 3.2 Fighting
 + Level 2.1 Axes
 + Level 2.7 Armour
 + Level 0.1 Dodging
 * Level 1.9 Stealth
 + Level 2.5 Shields


You had 2 spell levels left.
You didn't know any spells.

Dungeon Overview and Level Annotations

Branches:
Dungeon (1/15)

Altars:


Innate Abilities, Weirdness & Mutations

You cannot wear boots.
Your serpentine skin is tough (AC +1).
You have supernaturally acute eyesight.
Armour fits poorly on your strangely shaped body.
Your system is resistant to poisons.
You cover ground very slowly.
You have a slow metabolism.
You can spit poison.


Message History

You barely miss the kobold. The kobold hits you with a short sword.
You slash the kobold!
You kill the kobold!
You have reached level 3!
Your experience leads to an increase in your attributes!
Increase (S)trength, (I)ntelligence, or (D)exterity?
You feel stronger.
Your skin feels tougher.
You see here a short sword.
m - a purple potion
Found a golden potion.
n - 2 fizzy coppery potions
o - a golden potion You see here a stone.
You see here a short sword.
Things that are here:
a short sword; a kobold corpse Done exploring.
There is an open door here.
Unknown command.
Are you sure you want to abandon this character and quit the game? (Confirm with "yes".)

##.### #.....###......#..# #...
##.######......##.#.#.>#..# #...
##.#.........#+##.........# #...
.............#.##.#.#.##))#######
##.##.#####..#.##..............#
.............#.##....#.........#
##.##.#####.##.##..............#
##....#######...#####.........(##
##.#..#.+.....<.@...'............
##.#..#.##.........###########...
##.#....###.......## #...
...#.##.# ##.....## #...
.#.#....# ##...## #... .#.######
##.## #... .############### #...
.............# #...
.............### #...


There were no monsters in sight!

Vanquished Creatures
  2 giant geckos (D:1)
  A ball python (D:1)
  2 bats (D:1)
  2 giant cockroaches (D:1)
  2 goblins (D:1)
  5 hobgoblins (D:1)
  A giant newt (D:1)
  2 kobolds (D:1)
  2 rats (D:1)
19 creatures vanquished.

Notes
Turn   | Place    | Note
--------------------------------------------------------------
     0 | D:1      | JohnySteed the Naga Fighter began the quest for the Orb.
     0 | D:1      | Reached XP level 1. HP: 21/21 MP: 1/1
   190 | D:1      | Reached XP level 2. HP: 26/28 MP: 2/2
   429 | D:1      | Reached skill level 1 in Stealth
   789 | D:1      | Reached XP level 3. HP: 20/34 MP: 3/3
   836 | D:1      | Quit the game

Vault maps used:
D:1:      mrwooster_arrival_arrow, serial_glass, glass_columns_a,
          glass_columns_a

Action                   || total
-------------------------++-------
Melee: War axe           ||    70
 Abil: Spit Poison       ||     7
